 Dungeon Crawl Stone Soup version 0.17.2 (webtiles) character file.

4594 kukelekuu the Cleaver (level 10, -9/91 HPs)
             Began as a Hill Orc Fighter on June 23, 2016.
             Was a Believer of Beogh.
             Killed by divine providence
             ... invoked by an orc priest
              (13 damage)
             ... on level 8 of the Dungeon on June 25, 2016.
             The game lasted 00:48:37 (9339 turns).

kukelekuu the Cleaver (Hill Orc Fighter)            Turns: 9339, Time: 00:48:38

Health: -9/91      AC: 17    Str: 23    XL:     10   Next: 41%
Magic:  13/13      EV:  8    Int:  8    God:    Beogh [**....]
Gold:   548        SH:  0    Dex: 10    Spells: 0 memorised, 9 levels left

rFire  . . .     SeeInvis .     w - +4 mace
rCold  . . .     Clarity  .     b - +1 scale mail
rNeg   . . .     SustAt   .     c - +0 shield
rPois  .         Gourm    .     k - +1 helmet
rElec  .         Spirit   .     B - +2 cloak
rCorr  .         Warding  .     (no gloves)
rMut   .         Stasis   .     s - +0 pair of boots
MR     .....                    x - amulet of rage
Stlth  ..........               (no ring)
                                r - +2 ring of slaying

@: confused, exhausted, slowed, very slow, not resistant to hostile
enchantments, extremely unstealthy
A: no striking features
a: Smiting, Renounce Religion, Evoke Berserk Rage


You were on level 8 of the Dungeon.
You worshipped Beogh.
Beogh was pleased with you.
You were not hungry.

You visited 1 branch of the dungeon, and saw 8 of its levels.

You collected 548 gold pieces.

Inventory:

Hand Weapons
 a - a +1 war axe
 w - a +4 mace (weapon)
Armour
 b - a +1 scale mail (worn)
 c - a +0 shield (worn)
 j - a +0 chain mail
 k - a +1 helmet (worn)
 m - a troll hide
 s - a +0 pair of boots (worn)
 B - a +2 cloak (worn)
Jewellery
 r - a +2 ring of slaying (left hand)
 x - an amulet of rage (around neck)
Wands
 d - a wand of random effects (21)
 h - a wand of random effects (23)
 y - a wand of cold (7)
 A - a wand of magic darts (16)
Scrolls
 f - a scroll of amnesia
 g - 4 scrolls of identify
 n - 8 scrolls of remove curse
 p - 2 scrolls of teleportation
 t - a scroll of magic mapping
 v - 2 scrolls of blinking
Potions
 q - 3 potions of flight
Books
 o - a book of Cantrips

   Spells                             Type                      Level
   a - Corona                         Hexes                        1
   b - Animate Skeleton               Necromancy                   1
   c - Summon Small Mammal            Summoning                    1
   d - Apportation                    Translocation                1
 z - a book of Burglary

   Spells                             Type                      Level
   a - Swiftness                      Charms/Air                   2
   b - Passwall                       Transmutation/Earth          3
   c - Passage of Golubria            Translocation                4
   d - Lee's Rapid Deconstruction     Earth                        5
   e - Darkness                       Hexes                        6
   f - Invisibility                   Hexes                        6
Comestibles
 e - 4 bread rations
 i - 5 meat rations
 l - 3 beef jerkies
 u - a chunk of flesh


   Skills:
 * Level 9.1 Fighting
 * Level 10.5 Axes
 * Level 8.8 Armour
 * Level 8.2 Shields
 * Level 4.1 Invocations


You had 9 spell levels left.
You didn't know any spells.

Dungeon Overview and Level Annotations

Branches:
Dungeon (8/15)             Temple (0/1) D:5
   Lair: D:8-11

Altars:
Ashenzari
Cheibriados
Dithmenos
Elyvilon
Gozag
Kikubaaqudgha
Nemelex Xobeh
Okawaru
Ru
Sif Muna
Trog
Vehumet
Xom


Message History

The orc zaps a wand.
You easily resist.
The orc priest hits you but does no damage.
You hit the orc priest.
You kill the orc priest!
Beogh accepts your kill.
You can now smite your foes.
Beogh appreciates your killing of a heretic priest.
The orc barely misses you. The orc hits you but does no damage.
An orc wizard comes into view. It is wielding a dagger.
The orc wizard shouts!
You sock the orc!
You kill the orc!
Beogh accepts your kill.
The orc priest casts a cantrip, but nothing happens.
An orc comes into view. It is wielding a flail.
You're too confused to move!
The orc shouts!
The orc priest mumbles some strange prayers to Beogh against you.
Something smites you!
You die...
Beogh appreciates the orc priest's killing of a heretic priest.

≈≈≈≈≈≈..# ≈≈≈o≈..#
≈o≈≈... ≈≈...## ..o..##
..... #o)# #)# #@# #.#
# #.# ########### .§##.
#.#####.........#
§#§...#.....(<#######.#
.........#........# #.#
### .#######...#..###.#
#.# #..
..#....###..###.###.#
#.#
#.#...>((.(.##.#.##.#


You could see an orc priest and 2 orcs.

Vanquished Creatures
  Pikel (D:7)
  A hill giant (D:8)
  Joseph (D:7)
  A troll (D:8)
  Prince Ribbit (D:7)
  2 yaks (D:8)
  2 wolves (D:8)
  A hippogriff (D:8)
  Menkaure (D:7)
  A phantom (D:8)
  A trapdoor spider simulacrum (D:8)
  2 centaurs
  An ice beast (D:6)
  3 slaves (D:7)
  2 orc warriors
  2 ogres
  A big kobold (D:8)
  3 giant frogs
  A crocodile (D:7)
  A wyvern zombie (D:6)
  2 scorpions
  3 electric eels (D:8)
  A giant frog skeleton (D:4)
  A hound (D:5)
  3 orc priests (D:8)
  A jelly (D:6)
  Crazy Yiuf (D:7)
  A centaur skeleton (D:5)
  Terence (D:2)
  2 iguanas
  4 orc wizards
  3 worker ants
  A giant frog simulacrum (D:8)
  8 adders
  4 shadow imps
  2 white imps (D:8)
  A worker ant simulacrum (D:8)
  3 ufetubi (D:8)
  An ooze (D:3)
  2 worms (D:2)
  6 giant geckos
  17 orcs
  A ball python (D:1)
  7 giant cockroaches
  9 goblins
  2 hobgoblins
  12 jackals
  13 kobolds
  A quokka (D:5)
  4 bats
  A giant gecko skeleton (D:5)
  A giant gecko zombie (D:8)
  4 giant newts
  4 rats
156 creatures vanquished.

Vanquished Creatures (others)
  An orc priest (D:7)
  An ufetubus (D:8)
  An adder zombie (D:7)
  2 orcs (D:7)
  A quokka (D:8)
6 creatures vanquished.

Grand Total: 162 creatures vanquished

Notes
Turn   | Place    | Note
--------------------------------------------------------------
     0 | D:1      | kukelekuu the Hill Orc Fighter began the quest for the Orb.
     0 | D:1      | Reached XP level 1. HP: 19/19 MP: 1/1
   200 | D:1      | Reached XP level 2. HP: 18/27 MP: 2/2
   411 | D:1      | Reached skill level 4 in Fighting
   927 | D:2      | Reached XP level 3. HP: 33/33 MP: 3/3
  1273 | D:2      | Noticed Terence
  1280 | D:2      | Killed Terence
  1280 | D:2      | Reached XP level 4. HP: 40/40 MP: 4/4
  1955 | D:3      | Found a radiant altar of Vehumet.
  1979 | D:3      | Found a deep blue altar of Sif Muna.
  1987 | D:3      | Found a sacrificial altar of Ru.
  2425 | D:3      | Reached XP level 5. HP: 44/46 MP: 5/5
  3576 | D:5      | Entered Level 5 of the Dungeon
  3880 | D:5      | Reached XP level 6. HP: 43/53 MP: 6/6
  3917 | D:5      | Noticed an ogre
  3928 | D:5      | Killed an ogre
  3928 | D:5      | Reached skill level 5 in Armour
  3928 | D:5      | Reached skill level 5 in Shields
  4159 | D:5      | Found an ancient bone altar of Kikubaaqudgha.
  4170 | D:5      | Found a bloodstained altar of Trog.
  4170 | D:5      | Found a shimmering altar of Xom.
  4171 | D:5      | Found a sparkling altar of Nemelex Xobeh.
  4180 | D:5      | Found a snail-covered altar of Cheibriados.
  4235 | D:5      | Found an opulent altar of Gozag.
  4278 | D:5      | Found a staircase to the Ecumenical Temple.
  4573 | D:6      | Reached skill level 5 in Axes
  4613 | D:6      | Reached skill level 5 in Fighting
  4613 | D:6      | Reached XP level 7. HP: 37/61 MP: 7/7
  4804 | D:6      | Found a shattered altar of Ashenzari.
  5101 | D:6      | Reached skill level 6 in Armour
  5391 | D:6      | HP: 2/61 [orc warrior/trident (14)]
  5626 | D:6      | Reached XP level 8. HP: 54/69 MP: 8/8
  6115 | D:7      | Became a worshipper of Beogh the Brigand
  6290 | D:7      | Reached skill level 7 in Armour
  6378 | D:7      | Noticed Prince Ribbit
  6381 | D:7      | Noticed Menkaure
  6389 | D:7      | Killed Prince Ribbit
  6395 | D:7      | Killed Menkaure
  6517 | D:7      | Noticed Joseph
  6910 | D:7      | Noticed Crazy Yiuf
  6922 | D:7      | Killed Crazy Yiuf
  7245 | D:7      | Found a white marble altar of Elyvilon.
  7245 | D:7      | Found a shadowy altar of Dithmenos.
  7277 | D:7      | Paralysed by a centaur for 6 turns
  7292 | D:7      | Reached skill level 1 in Invocations
  7292 | D:7      | Reached XP level 9. HP: 48/79 MP: 9/9
  7487 | D:7      | Noticed Pikel
  7502 | D:7      | Killed Pikel
  7502 | D:7      | Reached skill level 8 in Axes
  7856 | D:7      | Killed Joseph
  7856 | D:7      | Reached skill level 9 in Axes
  8012 | D:8      | Found an iron altar of Okawaru.
  8285 | D:8      | Reached * piety under Beogh
  8383 | D:8      | Reached XP level 10. HP: 80/90 MP: 12/12
  8722 | D:8      | Reached skill level 10 in Axes
  8846 | D:8      | Noticed a hill giant
  8897 | D:8      | Killed a hill giant
  9332 | D:8      | HP: 2/91 [orc priest/flail (5)]
  9336 | D:8      | Reached ** piety under Beogh
  9339 | D:8      | Killed from afar by an orc priest

Action                   |  1- 3 |  4- 6 |  7- 9 | 10-12 || total
-------------------------+-------+-------+-------+-------++-------
Melee: War axe           |   122 |   233 |   220 |    14 ||   589
       Mace              |       |       |       |    75 ||    75
Invok: Convert to Beogh  |       |       |     1 |       ||     1
 Abil: Evoke Berserk Rag |       |       |     5 |     2 ||     7
  Use: Scroll            |     5 |     6 |     4 |     3 ||    18
       Potion            |     5 |     4 |     3 |       ||    12
 Stab: Distracted        |       |       |     1 |       ||     1
  Eat: Chunk             |     1 |    11 |    13 |     2 ||    27
       Pizza             |       |       |     1 |       ||     1
       Royal jelly       |       |       |     1 |       ||     1
       Bread ration      |       |       |       |     1 ||     1
